 Dungeon Crawl Stone Soup version 0.20-a0-1018-ge435b50 (webtiles) character file.

328 Gorice the Vexing (level 6, 0/32 HPs)
             Began as a Kobold Enchanter on Apr 16, 2017.
             Slain by a bullfrog (6 damage)
             ... on level 4 of the Dungeon on Apr 17, 2017.
             The game lasted 00:20:30 (5567 turns).

Gorice the Vexing (Kobold Enchanter)                Turns: 5567, Time: 00:20:31

Health: 0/32       AC:  4    Str:  6    XL:     6   Next: 80%
Magic:  1/9        EV: 15    Int: 17    God:
Gold:   198        SH:  0    Dex: 16    Spells: 0/9 levels left

rFire    + . .     SeeInvis .   a - +2 dagger
rCold    . . .     Gourm    .   (shield restricted)
rNeg     . . .     Faith    .   b - +0 robe
rPois    .         Spirit   .   (no helmet)
rElec    .         Reflect  .   g - +0 cloak
rCorr    .         Harm     .   i - +0 pair of gloves
MR       .....                  (no boots)
Stlth    +++.......             (no amulet)
Regen    0.1/turn               q - ring of protection from fire
MPRegen  0.2/turn               (no ring)

@: no status effects
A: carnivore 3
a: no special abilities


You were on level 4 of the Dungeon.
You were completely stuffed.

You visited 1 branch of the dungeon, and saw 4 of its levels.

You collected 198 gold pieces.

Inventory:

Hand Weapons
 a - a +2 dagger (weapon)
 m - a +0 short sword
 p - a +1 morningstar of crushing
   (You found it on level 4 of the Dungeon)
Missiles
 Z - 125 stones (quivered)
Armour
 b - a +0 robe (worn)
 g - a +0 cloak (worn)
 h - a +0 ring mail
 i - a +0 pair of gloves (worn)
Jewellery
 q - a ring of protection from fire (left hand)
 r - an uncursed ring of fire
Scrolls
 e - 3 scrolls of teleportation {!r}
 n - 2 scrolls of remove curse
 t - a scroll of amnesia
Potions
 j - a potion of resistance {!q}
 k - a potion of brilliance {!q}
 l - a potion of ambrosia
 o - a potion of might {unknown}
Books
 c - a book of Maledictions
Comestibles
 d - 3 meat rations {!e}
 f - 2 royal jellies
 s - 8 chunks of flesh


   Skills:
 + Level 5.0 Short Blades
 - Level 2.4 Dodging
 - Level 4.0 Stealth
 - Level 2.1 Spellcasting
 * Level 5.9 Hexes


You couldn't memorise any spells.
You knew the following spells:

 Your Spells              Type           Power        Failure   Level  Hunger
a - Corona                Hex            ###....      1%          1    #......
b - Ensorcelled Hibernat  Hex/Ice        ##....       10%         2    ###....
c - Confuse               Hex            ###.....     6%          3    ###....
d - Tukima's Dance        Hex            ###.....     6%          3    ###....


Dungeon Overview and Level Annotations

Branches:
Dungeon (4/15)
 Temple: D:4-7

Altars:
Vehumet

Annotations:
D:1 vpUX: scroll behind water


Innate Abilities, Weirdness & Mutations

You are small and have problems with some larger weapons.
You are carnivorous and can eat meat at any time.


Message History

You don't have enough magic to cast that spell.
Sorry, you're not good enough to have a special ability.
Casting: Corona
Confirm with . or Enter, or press ? or * to list all spells.
You don't have enough magic to cast that spell.
Sorry, you're not good enough to have a special ability.
Casting: Corona
Confirm with . or Enter, or press ? or * to list all spells.
You don't have enough magic to cast that spell.
Sorry, you're not good enough to have a special ability.
You hit the bullfrog.
The bullfrog is moderately wounded.
The bullfrog barely misses you.
A scorpion comes into view.
You closely miss the bullfrog.
The bullfrog is moderately wounded.
The bullfrog closely misses you. x2
You hit the bullfrog.
The bullfrog is moderately wounded.
The bullfrog misses you.
You hit the bullfrog.
The bullfrog is heavily wounded.
The bullfrog completely misses you. The bullfrog closely misses you.
Unknown command.
Unknown command.
Unknown command.
The bullfrog hits you but does no damage.
The bullfrog hits you but does no damage.
The bullfrog stops glowing.
The bullfrog hits you!
* * * LOW HITPOINT WARNING * * *
Damage: 8 (max 8) Unknown command.
The bullfrog misses you. The bullfrog hits you.
* * * LOW HITPOINT WARNING * * *
Damage: 4 (max 8)
Casting: Corona
Confirm with . or Enter, or press ? or * to list all spells.
Aiming: Ensorcelled Hibernation
Press: ? - help, Shift-Dir - straight line, f/p - bullfrog
Aim: a bullfrog (heavily wounded, chance to defeat MR: 43%)
The bullfrog resists with some effort.
The bullfrog barely misses you. The bullfrog barely misses you.
The bullfrog swells and bulges.
The bullfrog closely misses you.
Your magical contamination has completely faded away.
The bullfrog hits you.
You die...

### ###
#.#############.#
#.........@F.s..#
#######.#############.#
............... #.#
#######.#.##### #s#
#######.#.# #.#
..........# #.#
.....##....... #. #.#
......+......>. #. #.#
......#........ #. #.#


You could see a bullfrog and a scorpion.

Vanquished Creatures
  An ogre (D:2)
  Jessica (D:2)
  An orc wizard (D:4)
  3 gnolls
  8 adders
  A howler monkey skeleton (D:4)
  3 worms
  3 dart slugs
  A leopard gecko (D:1)
  4 orcs (D:4)
  7 bats
  4 giant cockroaches
  9 goblins
  5 hobgoblins
  7 jackals
  6 kobolds
  A ball python (D:1)
  4 frilled lizards
  4 rats
73 creatures vanquished.

Vanquished Creatures (collateral kills)
  An orc (D:3)
1 creature vanquished.

Vanquished Creatures (others)
  A dancing weapon (D:4)
1 creature vanquished.

Grand Total: 75 creatures vanquished

Notes
Turn   | Place    | Note
-------+----------+-------------------------------------------
     0 | D:1      | Gorice the Kobold Enchanter began the quest for the Orb.
     0 | D:1      | Reached XP level 1. HP: 10/10 MP: 3/3
    81 | D:1      | Reached skill level 2 in Short Blades
   257 | D:1      | HP: 3/10 [dart slug (1)]
   260 | D:1      | Reached XP level 2. HP: 5/15 MP: 1/5
   267 | D:1      | Learned a level 2 spell: Ensorcelled Hibernation
   903 | D:1      | Reached XP level 3. HP: 19/19 MP: 6/6
   911 | D:1      | Learned a level 3 spell: Confuse
  1740 | D:2      | Reached skill level 4 in Hexes
  1899 | D:2      | Found a faded altar of an unknown god.
  1935 | D:2      | Reached skill level 3 in Short Blades
  1935 | D:2      | Reached XP level 4. HP: 24/24 MP: 2/7
  2410 | D:2      | Upgraded the game from 0.20-a0-1017-gc3250ce to 0.20-a0-1018-ge435b50
  2698 | D:2      | Noticed Jessica
  2700 | D:2      | Killed Jessica
  2700 | D:2      | Reached XP level 5. HP: 25/28 MP: 0/8
  2860 | D:2      | Noticed an ogre
  2954 | D:2      | Killed an ogre
  2954 | D:2      | Reached skill level 4 in Short Blades
  2954 | D:2      | Reached skill level 5 in Hexes
  2954 | D:2      | Reached XP level 6. HP: 32/32 MP: 1/9
  2959 | D:2      | Learned a level 3 spell: Tukima's Dance
  4531 | D:4      | Found a radiant altar of Vehumet.
  4905 | D:4      | HP: 5/32 [orc wizard/puff of flame (6)]
  5264 | D:4      | Reached skill level 5 in Short Blades
  5556 | D:4      | HP: 9/32 [bullfrog (8)]
  5567 | D:4      | Slain by a bullfrog

Vault maps used:
D:1:      dpeg_arrival_chase, minmay_tromino_v2
D:2:      chequers_ecumenical_altar_island, first_bread, uniq_jessica
D:4:      vehumet_crystals

Skill      XL: |  1  2  3  4  5  6 |
---------------+-------------------+-----
Short Blades   | 2 3 4 5 |  5.0
Hexes          | 4 5 |  5.9
Dodging        | |  2.4
Stealth        | |  4.0
Spellcasting   | |  2.1

Action                   |  1- 3 |  4- 6 || total
-------------------------+-------+-------++-------
Melee: Dagger            |   108 |   152 ||   260
 Cast: Corona            |    20 |     5 ||    25
       Ensorcelled Hiber |     9 |    52 ||    61
       Confuse           |     3 |    10 ||    13
       Tukima's Dance    |       |     3 ||     3
  Use: Scroll            |     5 |     5 ||    10
       Potion            |       |     1 ||     1
 Stab: Sleeping          |    10 |    28 ||    38
       Confused          |       |     3 ||     3
  Eat: Chunk             |    13 |    16 ||    29
Armor: Robe              |    14 |    22 ||    36
Dodge: Dodged            |    84 |   103 ||   187

Table legend:
 A = Turns spent in this place as a percentage of turns spent in the entire game.
 B = Non-inter-level travel turns spent in this place as a percentage of non-inter-level travel turns spent in the entire game.
 C = Inter-level travel turns spent in this place as a percentage of turns spent in this place.
 D = Turns resting spent in this place as a percentage of non-inter-level travel turns spent in this place.
 E = Turns spent auto-exploring this place as a percentage of non-inter-level travel turns spent in this place.
 F = Non-inter-level travel turns spent in this place divided by the number of levels of this place that you've seen.
                   A       B       C       D       E      F
               +-------+-------+-------+-------+-------+----------------------
         Total | 100.0 | 100.0 |   0.2 |   6.7 |   3.9 | 426.8
       Dungeon | 100.0 | 100.0 |   0.2 |   6.7 |   3.9 | 426.8
               +-------+-------+-------+-------+-------+----------------------

Vault maps used:
D:1:      dpeg_arrival_chase, minmay_tromino_v2
D:2:      chequers_ecumenical_altar_island, first_bread, uniq_jessica
D:4:      vehumet_crystals
